 Dungeon Crawl Stone Soup version 0.28.0-47-ge53b351184 (webtiles) character file.

Game seed: 16865516335484003987

104 Icepheonix32 the Chiller (level 4, -7/30 HPs)
             Began as a Demonspawn Ice Elementalist on May 4, 2022.
             Killed by divine providence
             ... invoked by an orc priest
              (11 damage)
             ... on level 3 of the Dungeon.
             The game lasted 00:03:17 (2947 turns).

Icepheonix32 the Chiller (DsIE)                     Turns: 2947, Time: 00:03:18

Health: -7/30      AC:  9    Str:  8    XL:     4   Next: 52%
Magic:  0/3        EV: 12    Int: 19    God:
Gold:   78         SH:  0    Dex: 13    Spells: 3/10 levels left

rFire   + . .      SeeInvis .   i - +6 trident "Xinka" {antimagic, Fly rF+ Will+}
rCold   . . .      Faith    .   (no shield)
rNeg    . . .      Spirit   .   a - +0 robe
rPois   .          Reflect  .   (helmet restricted)
rElec   .          Harm     .   (no cloak)
rCorr   .          Rampage  .   (no gloves)
Will    +....                   g - +0 pair of boots
Stlth   ++........              (no amulet)
HPRegen 0.00/turn               (no ring)
MPRegen 0.08/turn               (no ring)

@: ice-armoured, attractive, flying, inhibited regen
A: demonic touch 2, horns 1, talons 1, deterioration 1, inhibited regeneration
a: no special abilities


You were on level 3 of the Dungeon.
You visited 1 branch of the dungeon, and saw 3 of its levels.

You collected 78 gold pieces.

Inventory:

Hand Weapons
 b - a +0 dagger
 f - a +1 vorpal hunting sling
 i - the +6 trident "Xinka" (weapon) {antimagic, Fly rF+ Will+}
   (You found it on level 3 of the Dungeon)

   It reduces the magical energy of the wielder, and disrupts the spells and
   magical abilities of those it strikes.
   Natural abilities and divine invocations are not affected.
   rF:        It protects you from fire.
   Fly:       It grants you flight.
   Will:      It increases your willpower.
Armour
 a - a +0 robe (worn)
 g - a +0 pair of boots (worn)
Scrolls
 c - a scroll of enchant armour {unknown}
 h - a scroll of immolation {unknown}
 j - a scroll of blinking {unknown}
Potions
 d - 2 potions of attraction
 e - a potion of mutation


   Skills:
 + Level 0.1 Polearms
 - Level 1.7 Dodging
 - Level 1.7 Stealth
 * Level 0.9 Unarmed Combat
 + Level 3.7 Spellcasting
 * Level 4.1 Ice Magic


You had 3 spell levels left.
You knew the following spells:

 Your Spells              Type           Power      Damage    Failure   Level
a - Freeze                Ice            76%        1d9       2%          1
b - Ozocubu's Armour      Ice            19%        N/A       8%          3
c - Frozen Ramparts       Ice            38%        1d5       8%          3

Your spell library contained the following spells:

 Spells                   Type           Power      Damage    Failure   Level
 Hailstorm                Conj/Ice       11%        3d5       52%         4


Dungeon Overview and Level Annotations

Branches:
Dungeon (3/15)

Altars:
Dithmenos


Innate Abilities, Weirdness & Mutations

Your touch may inflict irresistible damage on your foes.
You have a pair of small horns on your head.
You have sharp toenails.
Your body sometimes deteriorates upon taking damage.
You do not regenerate when monsters are visible.


Message History

Unknown command.
You closely miss the orc. The orc hits you with a +0 war axe.
An orc priest comes into view. It is wielding a +0 whip.
Unknown command.
You hit the orc.
The orc is heavily wounded.
Unknown command.
You hit the orc.
You kill the orc!
The orc priest invokes the aid of Beogh against you.
Beogh smites you!
The orc priest calls down the wrath of Beogh upon you.
Pain shoots through your body!
You puncture the orc!
You kill the orc!
The orc priest mumbles some strange prayers to Beogh against you.
You resist with some effort.
Unknown command.
You hit the orc priest.
The orc priest is heavily wounded.
The orc priest miscasts a cantrip.
Unknown command.
You hit the orc priest.
The orc priest is severely wounded.
The orc priest hits you with a +0 club.
The orc priest mumbles some strange prayers to Beogh against you.
Beogh smites you!
* * * LOW HITPOINT WARNING * * *
You are too injured to fight recklessly!
Unknown command.
It was a potion of attraction.
You feel attractive to monsters.
The orc priest hits you but does no damage.
The orc priest completely misses you.
It was a potion of mutation.
You feel extremely strange.
Your toenails lengthen and sharpen.
Your regeneration stops near monsters.
You feel yourself wasting away. A pair of horns grows on your head!
The orc priest calls down the wrath of Beogh upon you.
Beogh smites you!
You die...

#...........#..............
#........##.#..####........
..........##.#...#
######...
.###..........(...# #... #
##############.# #... ####
#.# #... ..... #.# #...
......######.#########.#
#..o@.....##......#.#
#..o########.####.#..
#$.... #.......####.###
###..# #.#####.#.......
...$ #.#####.#.##.### ..?..
#)##......##.### #####
#.##.##......#.#
#.......#####...
#.......####....


You could see 2 orc priests.

Vanquished Creatures
  4 adders (D:2)
  A worm (D:2)
  2 dart slugs (D:1)
  3 orcs (D:3)
  5 bats
  5 endoplasms
  4 giant cockroaches
  7 goblins
  4 hobgoblins
  3 quokkas
  6 ball pythons
  5 frilled lizards
  A kobold (D:3)
  6 rats
56 creatures vanquished.

Notes
Turn   | Place    | Note
-------+----------+-------------------------------------------
     0 | D:1      | Icepheonix32 the Demonspawn Ice Elementalist began the
                  | quest for the Orb.
     0 | D:1      | Reached XP level 1. HP: 13/13 MP: 3/3
   281 | D:1      | Gained mutation: Your touch may inflict minor irresistible
                  | damage on your foes. [demonic ancestry]
   281 | D:1      | Reached XP level 2. HP: 19/19 MP: 2/5
   708 | D:1      | Found a faded altar of an unknown god.
   716 | D:1      | Gained mutation: Your touch may inflict irresistible damage
                  | on your foes. [demonic ancestry]
   716 | D:1      | Reached XP level 3. HP: 24/24 MP: 5/7
   720 | D:1      | Learned a level 3 spell: Ozocubu's Armour
   724 | D:1      | Learned a level 3 spell: Frozen Ramparts
  1691 | D:2      | Reached skill level 4 in Ice Magic
  1691 | D:2      | Reached XP level 4. HP: 19/30 MP: 7/9
  2465 | D:3      | Found a shadowy altar of Dithmenos.
  2478 | D:3      | Identified the +6 trident "Xinka" {antimagic, Fly rF+
                  | Will+}
  2947 | D:3      | Gained mutation: You have sharp toenails. [potion of
                  | mutation]
  2947 | D:3      | Gained mutation: You do not regenerate when monsters are
                  | visible. [potion of mutation]
  2947 | D:3      | Gained mutation: Your body sometimes deteriorates upon
                  | taking damage. [potion of mutation]
  2947 | D:3      | Gained mutation: You have a pair of small horns on your
                  | head. [potion of mutation]
  2947 | D:3      | Killed from afar by an orc priest

Illustrated notes

Levels and vault maps discovered:
D:1:      pf_arrival_petrified_forest, layout_rooms,
          shapermc_ecumenical_altar_totnotflames, minmay_tromino_i2
D:2:      layout_loops_ring
D:3:      layout_loops_cross, nicolae_dithmenos_shadow_blocks

Skill      XL: |  1  2  3 |
---------------+----------+-----
Spellcasting   | 3 |  3.7
Ice Magic      | 4 |  4.1
Polearms       | |  0.1
Dodging        | |  1.7
Stealth        | |  1.7
Unarmed Combat | |  0.9

Action                   |  1- 3 |  4- 6 || total
-------------------------+-------+-------++-------
Melee: Unarmed           |     2 |       ||     2
       Dagger            |    66 |     5 ||    71
       Touch             |     7 |     3 ||    10
       Punch             |     1 |       ||     1
       Trident           |       |    14 ||    14
 Cast: Freeze            |    41 |    11 ||    52
       Ozocubu's Armour  |       |     1 ||     1
  Use: Scroll            |       |     3 ||     3
       Potion            |       |     2 ||     2
 Stab: Sleeping          |     4 |     3 ||     7
Armor: Robe              |    27 |     6 ||    33
Dodge: Dodged            |    70 |     9 ||    79
